Map: Lightshade LE

Players

Kas - Winner!

  • Race: Terran Terran

Krystianer

  • Race: Protoss Protoss

Event: DreamHack SC2 Masters 2021 Fall

VOD

Have the link to the VOD?

Description

Time

  • Played on: Aug. 3, 2021, 10:30 a.m.
  • Length: 11:03

All games in this series

Show
View Real Time Build Order
Export as new Build Order

Kas Terran - Winner!

Build Orders: Hellion Opening 

Get SALT Encoding   

  12  0:00  SCV  
  13  0:12  SCV  
  14  0:17  Supply Depot  
  14  0:24  SCV  
  15  0:38  SCV  
  15  0:40  Barracks  
  16  0:44  Refinery  
  16  0:51  SCV  
  17  1:03  SCV  
  18  1:16  SCV  
  19  1:27  Marine  
  19  1:28  Orbital Command  
  20  1:39  Command Center  
  20  1:49  Factory  
  20  1:53  SCV  
  21  2:00  Supply Depot  
  21  2:03  Barracks Reactor  
  21  2:06  SCV  
  22  2:15  Bunker  
  22  2:18  SCV  
  23  2:23  Refinery  
  23  2:31  SCV  
  24  2:42  Hellion x2  
  24  2:43  SCV  
  29  2:49  Starport  
  28  2:55  SCV  
  29  3:04  Hellion  
  31  3:14  SCV, Hellion  
  31  3:18  Orbital Command  
  34  3:24  Medivac  
  34  3:26  SCV  
  37  3:29  Barracks Tech Lab  
  37  3:38  Hellion x2  
  41  3:41  SCV  
  41  3:43  SCV  
  41  3:47  Supply Depot  
  43  3:53  SCV  
  44  3:55  SCV  
  45  4:03  Supply Depot  
  45  4:05  SCV  
  45  4:09  Marine, Liberator  
  50  4:10  Siege Tank  
  49  4:18  Marine  
  46  4:27  Marine  
  47  4:36  Marine, SCV x2  
  46  4:43  Barracks  
  46  4:44  Marine  
  46  4:45  Barracks, Siege Tank  
  50  4:46  Bunker  
  50  4:48  SCV x2  
  52  4:53  Bunker  
  52  4:54  Marine  
  53  5:00  SCV x2  
  53  5:02  Marine  
  56  5:07  Supply Depot  
  56  5:11  Supply Depot  
  56  5:12  Marine, SCV x2  
  59  5:20  Marine  
  60  5:22  Siege Tank  
  60  5:24  Refinery, SCV x2  
  62  5:30  Marine x2  
  62  5:32  Barracks Tech Lab  
  64  5:36  SCV, Engineering Bay  
  64  5:37  SCV  
  64  5:41  Supply Depot  
  66  5:43  Starport Reactor  
  66  5:45  Marine  
  66  5:46  Refinery  
  66  5:47  Marine  
  68  5:51  Stimpack  
  68  5:52  Marauder  
  67  6:05  Marine  
  67  6:07  SCV  
  67  6:09  Marine  
  70  6:12  SCV  
  70  6:13  Marauder  
  70  6:17  Terran Infantry Weapons Level 1  
  69  6:19  SCV  
  69  6:20  Factory Reactor  
  69  6:22  Marauder  
  69  6:23  Marine  
  67  6:32  SCV  
  63  6:34  Marauder  
  63  6:38  Combat Shield  
  65  6:41  Medivac  
  65  6:43  SCV  
  65  6:46  SCV  
  69  6:49  Marine, Marauder  
  69  6:53  Marine  
  73  7:00  SCV  
  69  7:04  Marauder  
  71  7:09  Supply Depot  
  71  7:10  Supply Depot  
  71  7:11  Widow Mine  
  72  7:18  Medivac  
  72  7:20  Medivac  
  72  7:21  Marine x2  
  77  7:31  SCV, Concussive Shells, Marauder x2  
  77  7:34  Supply Depot x2  
  77  7:35  SCV  
  77  7:36  Widow Mine  
  85  7:41  Marine x2  
  87  7:49  SCV  
  88  7:53  Marauder  
  88  7:54  Marauder  
  88  7:55  Medivac x2  
  96  7:59  SCV  
  96  8:01  SCV  
  96  8:02  Supply Depot  
  98  8:14  Marauder  
  98  8:19  Marine x2, Marauder  
  101  8:24  Supply Depot  
  99  8:31  Medivac x2  
  99  8:32  SCV  
  104  8:35  Marauder  
  104  8:37  Marine  
  104  8:38  Widow Mine x2  
  104  8:40  Terran Infantry Armor Level 1, Supply Depot x2  
  111  8:44  Missile Turret  
  111  8:46  Missile Turret  
  108  8:49  SCV  
  106  9:00  Marine, Marauder x2  
  106  9:17  Marine  
  106  9:18  Marine  
  106  9:22  Marauder x2  
  113  9:24  Widow Mine x2  
  113  9:25  SCV  
  103  9:37  Marine x2  
  105  9:43  Marauder  
  105  9:52  Marauder  
  105  9:53  Widow Mine x2  
  105  9:56  Command Center  
  107  10:04  Marauder  
  104  10:09  Marine  
  104  10:13  SCV, Marauder  
  104  10:19  Medivac x2  
  112  10:21  Widow Mine x2  
  112  10:23  SCV  
  112  10:26  Marauder  
  115  10:30  Missile Turret  
  115  10:35  SCV, Marauder  
  118  10:37  Marine  
  118  10:38  Marine  
  120  10:49  Barracks  
  122  10:50  Barracks  
Show
View Real Time Build Order
Export as new Build Order

Krystianer Protoss 

Build Orders: 1 Gate Expand, Blink Stalkers 

Get SALT Encoding   

  12  0:09  Pylon  
  12  0:12  Probe  
  13  0:24  Probe (Chrono Boost)  
  14  0:29  Gateway  
  15  0:36  Probe (Chrono Boost)  
  15  0:41  Probe (Chrono Boost)  
  16  0:44  Assimilator  
  16  0:50  Probe  
  17  1:02  Probe  
  18  1:15  Probe  
  18  1:16  Cybernetics Core  
  19  1:30  Nexus  
  19  1:32  Probe  
  20  1:39  Pylon  
  20  1:44  Probe  
  21  1:47  Assimilator  
  21  1:50  Adept (Chrono Boost)  
  23  1:57  Probe  
  23  1:59  Warp Gate  
  24  2:09  Probe  
  24  2:10  Adept (Chrono Boost)  
  27  2:21  Probe  
  28  2:26  Twilight Council  
  28  2:33  Probe  
  31  2:42  Probe (Chrono Boost)  
  32  2:50  Probe (Chrono Boost)  
  33  2:54  Stalker (Chrono Boost), Probe (Chrono Boost)  
  35  2:59  Probe (Chrono Boost)  
  35  3:00  Probe (Chrono Boost)  
  35  3:05  Blink  
  36  3:08  Probe  
  36  3:10  Probe  
  36  3:19  Gateway  
  36  3:20  Probe  
  36  3:21  Stalker (Chrono Boost)  
  36  3:22  Probe  
  40  3:32  Robotics Facility, Probe  
  40  3:34  Probe  
  42  3:39  Pylon  
  42  3:44  Probe  
  42  3:46  Probe  
  44  3:52  Pylon  
  42  3:56  Gateway, Stalker  
  42  3:59  Gateway  
  42  4:01  Probe  
  45  4:03  Probe  
  46  4:10  Pylon  
  46  4:13  Probe  
  46  4:16  Stalker  
  44  4:23  Stalker  
  40  4:25  Probe  
  40  4:26  Probe  
  36  4:35  Probe  
  36  4:36  Warp Prism (Chrono Boost)  
  37  4:43  Probe (Chrono Boost)  
  39  4:45  Probe (Chrono Boost)  
  40  4:55  Probe (Chrono Boost)  
  40  4:58  Stalker, Probe (Chrono Boost)  
  44  5:02  Probe (Chrono Boost)  
  46  5:12  Stalker x2  
  48  5:17  Probe  
  49  5:22  Probe  
  50  5:30  Probe (Chrono Boost)  
  51  5:35  Stalker  
  51  5:36  Stalker  
  51  5:37  Stalker  
  51  5:40  Probe (Chrono Boost)  
  59  5:48  Probe (Chrono Boost)  
  59  5:49  Probe (Chrono Boost)  
  62  5:57  Pylon  
  60  6:05  Stalker x2  
  60  6:06  Stalker  
  60  6:07  Probe x2  
  60  6:09  Zealot  
  70  6:19  Probe  
  70  6:23  Probe  
  60  6:40  Stalker x3  
  60  6:43  Stalker  
  60  6:45  Probe (Chrono Boost)  
  60  6:46  Nexus  
  70  6:47  Probe (Chrono Boost)  
  70  6:51  Assimilator  
  70  6:57  Probe (Chrono Boost)  
  70  6:58  Probe (Chrono Boost)  
  68  7:03  Probe x2 (Chrono Boost)  
  70  7:08  Pylon x2  
  70  7:12  Probe  
  70  7:13  Probe, Dark Shrine  
  72  7:24  Probe  
  72  7:25  Probe  
  72  7:28  Charge (Chrono Boost)  
  72  7:29  Assimilator  
  74  7:35  Gateway x2  
  74  7:36  Probe  
  75  7:43  Probe  
  75  7:44  Gateway  
  76  7:49  Probe (Chrono Boost)  
  77  7:51  Gateway  
  77  7:57  Gateway  
  77  7:58  Probe (Chrono Boost)  
  79  8:00  Probe (Chrono Boost)  
  79  8:05  Pylon  
  80  8:06  Probe (Chrono Boost)  
  80  8:07  Sentry, Probe (Chrono Boost)  
  80  8:08  Shield Battery  
  80  8:10  Probe (Chrono Boost)  
  80  8:12  Pylon, Probe (Chrono Boost)  
  81  8:26  Dark Templar  
  83  8:27  Dark Templar x2  
  85  8:35  Zealot x3  
  85  8:38  Shield Battery  
  91  8:45  Probe  
  91  8:46  Probe  
  93  9:00  Dark Templar  
  93  9:01  Zealot x3  
  93  9:02  Zealot x5  
  106  9:04  Probe x2  
  106  9:05  Probe  
  95  9:16  Probe x2  
  94  9:17  Probe  
  94  9:22  Dark Templar  
  82  9:25  Stalker  
  82  9:28  Probe  
  65  9:32  Stalker  
  65  9:36  Probe x2  
  65  9:40  Probe  
  66  9:52  Pylon  
  61  9:53  Zealot, Probe x2  
  55  10:17  Pylon  
  55  10:21  Pylon  
  54  10:22  Dark Templar  
  54  10:23  Dark Templar  
  54  10:26  Zealot  
  54  10:27  Zealot  
  62  10:28  Probe x2  
  62  10:30  Probe  
  65  10:40  Probe  
  63  10:44  Zealot  
  63  10:45  Zealot x3  
  71  10:50  Probe  
  71  10:52  Dark Templar  

Tags
 
Add a new tag
Caveats
  • Supply blocks, unpowered buildings, or Contaminate may cause inaccurate times.
  • Supply counts are checked every 10 seconds.